 Dungeon Crawl Stone Soup version 0.31-a0-1096-g246cf0196b (webtiles) character file.

Game seed: 17525455821631154561

21 kae the Vexing (level 2, -1/20 HPs)
             Began as a Demonspawn Enchanter on Nov 29, 2023.
             Slain by Robin
             ... wielding a +0 club
              (5 damage)
             ... on level 2 of the Dungeon.
             The game lasted 00:00:46 (795 turns).

kae the Vexing (Demonspawn Enchanter)                Turns: 795, Time: 00:00:47

Health: -1/20      AC:  2    Str:  8    XL:     2   Next: 65%
Magic:  1/5        EV: 12    Int: 16    God:
Gold:   59         SH:  0    Dex: 13    Spells: 3/5 levels left

rFire   . . .        a - +1 dagger
rCold   . . .        (no shield)
rNeg    . . .        b - +0 robe
rPois   .            (no helmet)
rElec   .            (no cloak)
rCorr   .            (no gloves)
SInv    .            (no boots)
Will    .....        (no amulet)
Stlth   ++           (no ring)
HPRegen 0.23/turn    (no ring)
MPRegen 0.09/turn

%: no passive effects
@: very slightly contaminated, invisible
A: ignite blood 1
a: no special abilities


You were on level 2 of the Dungeon.
You visited 1 branch of the dungeon, and saw 2 of its levels.

You collected 59 gold pieces.


Innate Abilities, Weirdness & Mutations

Your demonic aura sometimes causes spilled blood to erupt in flames.


   Skills:
 + Level 0.5 Fighting
 * Level 1.3 Short Blades
 - Level 1.7 Dodging
 * Level 2.9 Stealth
 + Level 2.1 Spellcasting
 + Level 3.2 Hexes
 * Level 0.2 Ice Magic


You had 3 spell levels left.
You knew the following spells:

 Your Spells              Type           Power      Damage    Failure   Level
a - Ensorcelled Hibernat  Hex/Ice        14%        N/A       16%         2

Your spell library contained the following spells:

 Spells                   Type           Power      Damage    Failure   Level
 Confusing Touch          Hex            12%        N/A       16%         3
 Tukima's Dance           Hex            12%        N/A       16%         3
 Freeze                   Ice            8%         1d3       19%         1
 Dazzling Flash           Conj/Hex       12%        N/A       32%         3
 Frozen Ramparts          Ice            4%         1d1       50%         3
 Hailstorm                Conj/Ice       2%         3d3       50%         3

Inventory:

Hand Weapons
 a - a +1 dagger (weapon)
Missiles
 d - 6 stones
 e - 2 boomerangs
Armour
 b - a +0 robe (worn)
Jewellery
 g - an amulet of magic regeneration
   (You found it on level 1 of the Dungeon)
Potions
 c - a potion of invisibility

Dungeon Overview and Level Annotations

Branches:
Dungeon (2/15) Zot: 11207

Altars:

Annotations:
D:2 Robin

##### ### ##...###..
#########.###.##.#
#####.........# #.##.#
.......†#########.##.###
.................#.....#
........##########.###>##
.........gg....g...# #..#
######...#######@#.###..#
##.#...## #g#......###
#.....#.# #.###......#
##g#...## #.# ####†###
#....## #.# #.#########
#.#..# #.# #.........#
#.#..# #.# ##........#
gg.g....# #.# #........#
g###.##.# #.#
...........#


You could see Robin (unable to see you), a hobgoblin (strong, unable to see you)
and 2 goblins.


Message History

A frilled lizard comes into view.
The frilled lizard hisses angrily. 😎 HP[+6] MP[+2]
Your hp is fully restored (20).
Your mp is fully restored (5).
A frilled lizard is nearby!
A frilled lizard is nearby!
You hit the frilled lizard.
You kill the frilled lizard!
No target in view!
No target in view!
No target in view!
A frilled lizard comes into view.
The frilled lizard hisses angrily.
A frilled lizard is nearby!
A frilled lizard is nearby!
A quokka comes into view.
You hit the frilled lizard.
You kill the frilled lizard!
You closely miss the quokka. You punch the quokka. The quokka bites you.
You hit the quokka.
You kill the quokka! 😕 HP[-3]
You take 3 damage, and now have 17/20 hp.
You see here a frilled lizard corpse.
A frilled lizard comes into view. 😎 HP[+3]
Your hp is fully restored (20).
A frilled lizard is nearby!
Robin and 2 goblins come into view.
The goblin shouts!
Robin shouts!
The goblin shouts!
You hear a shout! x4
A goblin comes into view. It is wielding a +0 dagger.
The frilled lizard attacks as it pursues you!
The frilled lizard closely misses you.
The frilled lizard bites you but does no damage.
The frilled lizard attacks as it pursues you!
The frilled lizard bites you but does no damage.
The frilled lizard attacks as it pursues you!
The frilled lizard bites you. 😕 HP[-1]
You take 1 damage, and now have 19/20 hp.
Robin roars a battlecry!
The goblins go into a battle-frenzy!
Robin says, "A pitiful Demonspawn like you will never find the ORB!" 😎 HP[+1]
Your hp is fully restored (20).
You hit the frilled lizard.
You kill the frilled lizard!
The goblin hits you with a +0 club.
You see here a frilled lizard corpse. 😕 HP[-3]
You take 3 damage, and now have 17/20 hp.
The goblin attacks as it pursues you!
The goblin hits you with a +0 club. 😮 HP[-2]
You take 2 damage, and now have 15/20 hp.
You hit the goblin. The goblin misses you.
You closely miss the goblin.
The goblin hits you with a +0 club. 😮 HP[-4]
You take 4 damage, and now have 11/20 hp.
You hit the goblin.
You kill the goblin!
Robin throws the goblin at you! Robin hits you with a +0 club.
* * * LOW HITPOINT WARNING * * *
The goblin closely misses you.
Things that are here:
a +0 club; a frilled lizard corpse; 😨 HP[-3]
You take 3 damage, and now have 8/20 hp.
Unknown command.
Casting: Ensorcelled Hibernation (safe; 16% risk of failure)
Confirm with . or Enter, or press ? or * to list all spells.
Aiming: Ensorcelled Hibernation (safe; 16% risk of failure)
Press: ? - help, Shift-Dir - straight line, f - Robin
Aim: Robin, wielding a +0 club, wearing a +0 animal skin and wearing a +0 helmet (chance to affect: 50%) Robin resists with some effort.
Robin roars a battlecry!
A goblin comes into view. It is wielding a +0 dagger.
The goblin barely misses you.
The goblin shouts!
You hear a shout! 😨 MP[-2]
You lost 2 mp, and now have 3/5 mp.
Unknown command.
Casting: Ensorcelled Hibernation (safe; 16% risk of failure)
Confirm with . or Enter, or press ? or * to list all spells.
Aiming: Ensorcelled Hibernation (safe; 16% risk of failure)
Press: ? - help, Shift-Dir - straight line, f/p - Robin
Aim: Robin, wielding a +0 club, wearing a +0 animal skin and wearing a +0 helmet (chance to affect: 50%)
You miscast Ensorcelled Hibernation.
You are very lightly contaminated with residual magic.
Nothing appears to happen.
Robin misses you.
A hobgoblin comes into view.
The goblin hits you with a +0 club.
* * * LOW HITPOINT WARNING * * *
😱 HP[-4] MP[-2]
You take 4 damage, and now have 4/20 hp.
You lost 2 mp, and now have 1/5 mp.
You fade into invisibility!
The goblin no longer looks unusually strong.
Robin hits you with a +0 club.
You die...
Robin says, "And that's why I'm the boss."

Skill      XL: |  1 |
---------------+----+-----
Short Blades   | 1 |  1.3
Fighting       | |  0.5
Dodging        | |  1.7
Stealth        | |  2.9
Spellcasting   | |  2.1
Hexes          | |  3.2
Ice Magic      | |  0.2

Action                     || total
---------------------------++-------
  Melee: Dagger            ||    54
         Punch             ||     1
   Cast: Ensorcelled Hiber ||     2
    Use: Scroll            ||     1
         Potion            ||     1
   Stab: Sleeping          ||     3
 Armour: Robe              ||    28
  Dodge: Dodged            ||    30

Levels and vault maps discovered:
D:1:      dpeg_arrival_three_bigger_balls, layout_basic
D:2:      layout_loops_ring, serial_co_window_serial, co_window_paths_a,
          co_window_paths_b, co_window_corner_a, co_window_paths_a,
          co_window_paths_a, co_window_cross_4, co_window_corner_b,
          co_window_2corner, co_window_of_opportunity_b, co_window_4corner_a,
          glass_columns_a, glass_columns_c, glass_columns_a, glass_columns_a,
          uniq_crazy_yiuf_cottage, uniq_robin

Notes
Turn   | Place    | Note
-------+----------+-------------------------------------------
     0 | D:1      | kae the Demonspawn Enchanter began the quest for the Orb.
     0 | D:1      | Reached XP level 1. HP: 13/13 MP: 3/3
     0 | D:1      | magus.rc [v1.11.3]
   107 | D:1      | You pick up a book of Frost and begin reading...
   107 | D:1      | You add the spells Freeze, Frozen Ramparts and Hailstorm to
                  | your library.
   123 | D:1      | Reached skill level 1 in Short Blades
   133 | D:1      | HP: 2/13 [hobgoblin (5)]
   317 | D:1      | Gained mutation: Your demonic aura sometimes causes spilled
                  | blood to erupt in flames. [demonic ancestry]
   317 | D:1      | Reached XP level 2. HP: 20/20 MP: 5/5
   320 | D:1      | Learned a level 2 spell: Ensorcelled Hibernation
   769 | D:2      | Noticed Robin
   794 | D:2      | HP: 4/20 [goblin/+0 club[Robin] (5)]
   795 | D:2      | Slain by Robin

Vanquished Creatures
  2 endoplasms (D:1)
  A giant cockroach (D:1)
  3 goblins
  A hobgoblin (D:1)
  2 quokkas (D:2)
  3 ball pythons
  A bat (D:1)
  4 frilled lizards
  A kobold (D:1)
  3 rats (D:1)
21 creatures vanquished.

Table legend:
 A = Non-vault XP
 B = Vault XP
 C = Vault XP percentage of total XP
 D = Non-vault monster count
 E = Vault monster count
 F = Vault count percentage of total count
                 A         B        C        D         E       F
            +---------+---------+-------+---------+---------+-------
      Total |      29 |       2 |   6.5 |      20 |       1 |   4.8
            +---------+---------+-------+---------+---------+-------
        D:1 |      20 |       0 |   0.0 |      14 |       0 |   0.0
        D:2 |       9 |       2 |  18.2 |       6 |       1 |  14.3
            +---------+---------+-------+---------+---------+-------

Skill      XL: |  1 |
---------------+----+-----
Short Blades   | 1 |  1.3
Fighting       | |  0.5
Dodging        | |  1.7
Stealth        | |  2.9
Spellcasting   | |  2.1
Hexes          | |  3.2
Ice Magic      | |  0.2

Action                     || total
---------------------------++-------
  Melee: Dagger            ||    54
         Punch             ||     1
   Cast: Ensorcelled Hiber ||     2
    Use: Scroll            ||     1
         Potion            ||     1
   Stab: Sleeping          ||     3
 Armour: Robe              ||    28
  Dodge: Dodged            ||    30

Illustrated notes

Table legend:
 A = Kills in this place as a percentage of kills in the entire game.
 B = Kills by you in this place as a percentage of kills by you in the entire game.
 C = Kills by friends in this place as a percentage of kills by friends in the entire game.
 D = Other kills in this place as a percentage of other kills in the entire game.
 E = Experience gained in this place as a percentage of experience gained in the entire game.
 F = Experience gained in this place divided by the number of levels of this place that you have seen.
                   A       B       C       D       E      F
               +-------+-------+-------+-------+-------+----------------------
         Total | 100.0 | 100.0 |   N/A |   N/A | 100.0 |  15.5
       Dungeon | 100.0 | 100.0 |   N/A |   N/A | 100.0 |  15.5
               +-------+-------+-------+-------+-------+----------------------

Table legend: (Time is in decaauts)
 A = Elapsed time spent in this place.
 B = Non-inter-level travel time spent in this place.
 C = Inter-level travel time spent in this place.
 D = Time resting spent in this place.
 E = Time spent auto-exploring this place.
 F = Levels seen in this place.
 G = Mean time per level.
                   A        B        C        D        E       F      G
               +--------+--------+--------+--------+--------+-----+--------+
         Total |    791 |    788 |      3 |     33 |    599 |   2 |  395.5 |
       Dungeon |    791 |    788 |      3 |     33 |    599 |   2 |  395.5 |
               +--------+--------+--------+--------+--------+-----+--------+

Top non-repeatable levels by time:
     D:1: 668 daAuts
     D:2: 122 daAuts
